 Dungeon Crawl Stone Soup version 0.30.0-18-gc0e69614cb (webtiles) character file.

Game seed: 5379630757321437282

142 sampeng1 the Chopper (level 5, -4/47 HPs)
             Began as a Gnoll Cinder Acolyte on May 25, 2023.
             Was a High Priest of Ignis.
             Slain by olmar's ghost (7 damage)
             ... on level 3 of the Dungeon.
             The game lasted 00:08:12 (2500 turns).

sampeng1 the Chopper (Gnoll Cinder Acolyte)         Turns: 2500, Time: 00:08:13

Health: -4/47      AC:  3    Str: 14    XL:     5   Next: 25%
Magic:  2/9        EV: 11    Int: 15    God:    Ignis [*****.]
Gold:   129        SH:  0    Dex:  7    Spells: 8/10 levels left

rFire   + . .        a - +0 hand axe (flame)
rCold   . . .        (no shield)
rNeg    . . .        b - +0 robe
rPois   .            (no helmet)
rElec   .            j - +0 cloak
rCorr   .            (no gloves)
SInv    .            (no boots)
Will    .....        (no amulet)
Stlth   +            (no ring)
HPRegen 0.27/turn    (no ring)
MPRegen 0.11/turn

%: no passive effects
@: no status effects
A: fangs 1, strong nose, distributed training
a: Renounce Religion, Fiery Armour, Foxfire Swarm, Rising Flame


You were on level 3 of the Dungeon.
You worshipped Ignis.
Ignis was extremely pleased with you.
You visited 1 branch of the dungeon, and saw 3 of its levels.

You collected 129 gold pieces.

Inventory:

Hand Weapons
 a - a +0 hand axe of flaming (weapon)
 l - a +2 short sword of venom
Missiles
 k - 3 javelins (quivered)
Armour
 b - a +0 robe (worn)
 j - a +0 cloak (worn)
Wands
 i - a wand of polymorph (7)
Scrolls
 c - 3 scrolls of immolation
Potions
 d - 2 potions of lignification {unknown}
 f - a potion of brilliance
 g - a potion of flight
 h - 3 potions of invisibility


   Skills:
 + Level 6.7 Fighting
 + Level 1.4 Short Blades
 + Level 1.4 Long Blades
 + Level 6.7 Axes
 + Level 1.4 Maces & Flails
 + Level 1.4 Polearms
 + Level 1.4 Staves
 + Level 1.4 Ranged Weapons
 + Level 1.4 Throwing
 + Level 1.4 Armour
 + Level 1.4 Dodging
 + Level 1.4 Stealth
 + Level 1.4 Shields
 + Level 1.4 Unarmed Combat
 + Level 3.1 Spellcasting
 + Level 1.1 Conjurations
 + Level 1.1 Hexes
 + Level 1.1 Summonings
 + Level 1.1 Necromancy
 + Level 1.1 Translocations
 + Level 1.1 Transmutations
 + Level 5.5 Fire Magic
 + Level 1.1 Ice Magic
 + Level 1.1 Air Magic
 + Level 1.1 Earth Magic
 + Level 1.1 Poison Magic
 + Level 1.6 Invocations
 + Level 1.4 Evocations


You had 8 spell levels left.
You knew the following spells:

 Your Spells              Type           Power      Damage    Failure   Level
a - Scorch                Fire           38%        2d6       3%          2

Your spell library contained the following spells:

 Spells                   Type           Power      Damage    Failure   Level


Dungeon Overview and Level Annotations

Branches:
Dungeon (3/15)

Altars:

Annotations:
D:3 olmar's ghost, amateur GnDe


Innate Abilities, Weirdness & Mutations

You have very sharp teeth.
Your uncanny sense of smell can sniff out nearby items.
Your experience applies equally to all skills.


Message History

Olmar's ghost is lightly damaged.
Olmar's ghost hits you.
You hit olmar's ghost. You burn olmar's ghost. Your bite misses olmar's ghost.
Olmar's ghost is moderately damaged.
Olmar's ghost hits you but does no damage.
You closely miss olmar's ghost.
Olmar's ghost is moderately damaged.
Olmar's ghost hits you.
You miss olmar's ghost.
Olmar's ghost is moderately damaged.
Olmar's ghost hits you!
* * * LOW HITPOINT WARNING * * *
You closely miss olmar's ghost.
Olmar's ghost is moderately damaged.
Olmar's ghost closely misses you.
Casting: Scorch (safe; 3% risk of failure)
Confirm with . or Enter, or press ? or * to list all spells.
Flames lash olmar's ghost.
Olmar's ghost is heavily damaged.
Olmar's ghost's fire resistance burns away.
Olmar's ghost barely misses you.
Casting: Scorch (safe; 3% risk of failure)
Confirm with . or Enter, or press ? or * to list all spells.
Flames lash olmar's ghost.
Olmar's ghost is burned terribly!
Olmar's ghost is heavily damaged.
Olmar's ghost hits you.
* * * LOW HITPOINT WARNING * * *
Casting: Scorch (safe; 3% risk of failure)
Confirm with . or Enter, or press ? or * to list all spells.
Flames lash olmar's ghost but do no damage.
Olmar's ghost closely misses you.
You hit olmar's ghost. You burn olmar's ghost.
Olmar's ghost is heavily damaged.
Olmar's ghost hits you.
* * * LOW HITPOINT WARNING * * *
You closely miss olmar's ghost.
Olmar's ghost is heavily damaged.
Olmar's ghost whispers, "They're coming for you..."
Olmar's ghost hits you!
You die...

#..........
#............#
#........?...#
#...........#
#...........#
####..........#
#P.#.........†##
#8[W@[.........###
#P.#.........)())####
####..?......)##))).#
########.....###.#
#.....# .. #.....# #.
#.....# #. #.....# #.
#.....# #.


You could see olmar's ghost (combustible).

Vanquished Creatures
  Robin (D:3)
  5 adders
  2 worms (D:3)
  3 dart slugs (D:2)
  4 ball pythons
  5 endoplasms
  7 giant cockroaches
  18 goblins
  8 hobgoblins
  2 quokkas
  4 bats
  A frilled lizard (D:2)
  4 kobolds
  5 rats
69 creatures vanquished.

Notes
Turn   | Place    | Note
-------+----------+-------------------------------------------
     0 | D:1      | sampeng1 the Gnoll Cinder Acolyte began the quest for the
                  | Orb.
     0 | D:1      | Reached XP level 1. HP: 23/23 MP: 4/4
    71 | D:1      | Reached XP level 2. HP: 14/29 MP: 5/5
   102 | D:1      | Learned a level 2 spell: Scorch
   754 | D:1      | Reached XP level 3. HP: 29/35 MP: 7/7
  1176 | D:2      | Reached skill level 1 in Invocations
  1193 | D:2      | Reached skill level 1 in Short Blades
  1193 | D:2      | Reached skill level 1 in Long Blades
  1193 | D:2      | Reached skill level 1 in Maces & Flails
  1193 | D:2      | Reached skill level 1 in Polearms
  1193 | D:2      | Reached skill level 1 in Staves
  1193 | D:2      | Reached skill level 1 in Ranged Weapons
  1193 | D:2      | Reached skill level 1 in Throwing
  1193 | D:2      | Reached skill level 1 in Armour
  1193 | D:2      | Reached skill level 1 in Dodging
  1193 | D:2      | Reached skill level 1 in Stealth
  1193 | D:2      | Reached skill level 1 in Shields
  1193 | D:2      | Reached skill level 1 in Unarmed Combat
  1193 | D:2      | Reached skill level 1 in Evocations
  1392 | D:2      | Reached XP level 4. HP: 29/41 MP: 8/8
  1821 | D:3      | Reached skill level 1 in Conjurations
  1821 | D:3      | Reached skill level 1 in Hexes
  1821 | D:3      | Reached skill level 1 in Summonings
  1821 | D:3      | Reached skill level 1 in Necromancy
  1821 | D:3      | Reached skill level 1 in Translocations
  1821 | D:3      | Reached skill level 1 in Transmutations
  1821 | D:3      | Reached skill level 1 in Ice Magic
  1821 | D:3      | Reached skill level 1 in Air Magic
  1821 | D:3      | Reached skill level 1 in Earth Magic
  1821 | D:3      | Reached skill level 1 in Poison Magic
  2427 | D:3      | Found a runed translucent door.
  2428 | D:3      | Noticed Robin
  2440 | D:3      | Reached XP level 5. HP: 46/47 MP: 2/9
  2457 | D:3      | Killed Robin
  2478 | D:3      | Noticed olmar's ghost (amateur GnDe)
  2500 | D:3      | Slain by olmar's ghost

Illustrated notes

Levels and vault maps discovered:
D:1:      nzn_arrival_crosshair, layout_basic
D:2:      layout_rooms
D:3:      layout_basic, overflow_temple_1_default, gammafunk_ghost_grave,
          serial_shops, shop, nicolae_kite_square_tiling_tiny, uniq_robin

Skill      XL: |  1  2  3  4 |
---------------+-------------+-----
Invocations    | 1 |  1.6
Short Blades   | 1 |  1.4
Long Blades    | 1 |  1.4
Maces & Flails | 1 |  1.4
Polearms       | 1 |  1.4
Staves         | 1 |  1.4
Ranged Weapons | 1 |  1.4
Throwing       | 1 |  1.4
Armour         | 1 |  1.4
Dodging        | 1 |  1.4
Stealth        | 1 |  1.4
Shields        | 1 |  1.4
Unarmed Combat | 1 |  1.4
Evocations     | 1 |  1.4
Spellcasting   | 3 |  3.1
Conjurations   | 1 |  1.1
Hexes          | 1 |  1.1
Summonings     | 1 |  1.1
Necromancy     | 1 |  1.1
Translocations | 1 |  1.1
Transmutations | 1 |  1.1
Ice Magic      | 1 |  1.1
Air Magic      | 1 |  1.1
Earth Magic    | 1 |  1.1
Poison Magic   | 1 |  1.1
Fighting       | |  6.7
Axes           | |  6.7
Fire Magic     | |  5.5

Action                     |  1- 3 |  4- 6 || total
---------------------------+-------+-------++-------
  Melee: Hand axe          |   119 |    73 ||   192
         Bite              |    11 |     4 ||    15
         Punch             |     1 |       ||     1
   Cast: Scorch            |     3 |    13 ||    16
    Use: Scroll            |     5 |     4 ||     9
   Stab: Sleeping          |       |     1 ||     1
 Armour: Robe              |    33 |    15 ||    48
  Dodge: Dodged            |    63 |    33 ||    96
